 Dungeon Crawl Stone Soup version 0.25.0-8-gfd19cd77bd (webtiles) character file.

Game seed: 14515272790645286054

111 Anathary the Slasher (level 4, 0/51 HPs)
             Began as a Demonspawn Gladiator on June 16, 2020.
             Succumbed to a goblin's poison
             ... on level 2 of the Dungeon.
             The game lasted 00:04:19 (1099 turns).

Anathary the Slasher (Demonspawn Gladiator)         Turns: 1099, Time: 00:04:20

Health: 0/51       AC: 22    Str: 15    XL:     4   Next: 62%
Magic:  4/4        EV:  2    Int:  9    God:
Gold:   46         SH:  0    Dex: 15    Spells: 3/3 levels left

rFire    . . .     SeeInvis .   a - +0 long sword
rCold    . . .     Gourm    .   (no shield)
rNeg     + + +     Faith    .   (armour currently unavailable)
rPois    +         Spirit   .   (helmet currently unavailable)
rElec    .         Reflect  .   (cloak currently unavailable)
rCorr    .         Harm     .   (gloves currently unavailable)
MR       .....     NoTele   +   (boots currently unavailable)
Stlth    +.........             (no amulet)
HPRegen  0.17/turn              (no ring)
MPRegen  0.09/turn              (no ring)

@: lethally poisoned (0 -> 0), tree-form
A: no striking features
a: no special abilities


You were on level 2 of the Dungeon.
You were not hungry.
You were a tree.
You visited 1 branch of the dungeon, and saw 2 of its levels.

You collected 46 gold pieces.

Inventory:

Hand Weapons
 a - a +0 long sword (weapon)
Missiles
 d - 3 throwing nets (quivered)
Armour
 b - a +0 leather armour (melded)
 c - a +0 helmet (melded)
Scrolls
 e - a scroll of fear {unknown}
 i - a scroll of enchant armour {unknown}
 j - a scroll of teleportation {unknown}
 k - 3 scrolls of identify {unknown}
Comestibles
 f - 2 rations


   Skills:
 + Level 2.6 Fighting
 + Level 4.0 Long Blades
 - Level 1.7 Throwing
 + Level 1.1 Armour
 + Level 3.2 Dodging


You had 3 spell levels left.
You didn't know any spells.
Your spell library was empty.

Dungeon Overview and Level Annotations

Branches:
Dungeon (2/15)

Altars:


Innate Abilities, Weirdness & Mutations

((You have sharp toenails.))
((You are mostly covered in slimy green scales. (AC +3)))


Message History

Unknown command.
You eat one of the 3 rations.
That ration really hit the spot!
The goblin hits you but does no damage. x2
You barely miss the goblin.
The goblin is moderately wounded.
* * * LOW HITPOINT WARNING * * *
You feel sick. The goblin hits you but does no damage.
You slash the goblin!
You kill the goblin!
The orc hits you but does no damage.
You hit the orc.
The orc is severely wounded.
* * * LOW HITPOINT WARNING * * *
You feel sick. The orc hits you but does no damage. x2
You hit the orc.
You kill the orc!
The orc hits you but does no damage.
You hit the orc but do no damage.
You feel yourself speed up.
You die...

#......#.#############
#......#..............
#......#######.###...
#......#######.#
#.........)....#
#......#######.##########
#.####....#........(....#
#. #.##.#.##.###......# #
#. ...#.<# #>♣oo..(...#.#
######## ####.........#
#.........# #.........#
#(.#.<....# ##.o#......#
#..(...%...# #.†#.......#
#......†#.......#


You could see 2 orcs.

Vanquished Creatures
  An orc wizard (D:2)
  A gnoll (D:1)
  3 adders (D:2)
  3 dart slugs (D:1)
  A leopard gecko (D:1)
  An orc (D:2)
  2 ball pythons (D:1)
  7 bats
  4 hobgoblins
  3 jackals (D:1)
  7 goblins
  2 kobolds (D:1)
  4 rats (D:1)
39 creatures vanquished.

Notes
Turn   | Place    | Note
-------+----------+-------------------------------------------
     0 | D:1      | Anathary the Demonspawn Gladiator began the quest for the
                  | Orb.
     0 | D:1      | Reached XP level 1. HP: 16/16 MP: 1/1
    49 | D:1      | Reached skill level 3 in Long Blades
   171 | D:1      | Gained mutation: You are partially covered in slimy green
                  | scales. (AC +2) [demonic ancestry]
   171 | D:1      | Reached XP level 2. HP: 22/22 MP: 2/2
   383 | D:1      | Gained mutation: You are mostly covered in slimy green
                  | scales. (AC +3) [demonic ancestry]
   383 | D:1      | Reached XP level 3. HP: 24/27 MP: 3/3
  1066 | D:2      | Gained mutation: You have sharp toenails. [demonic
                  | ancestry]
  1066 | D:2      | Reached XP level 4. HP: 30/34 MP: 4/4
  1089 | D:2      | HP: 2/51 [poisoned by a goblin]
  1092 | D:2      | Reached skill level 4 in Long Blades
  1092 | D:2      | Reached skill level 1 in Armour
  1095 | D:2      | HP: 1/51 [poisoned by a goblin]
  1099 | D:2      | Succumbed to a goblin's poison

Illustrated notes

Levels and vault maps discovered:
D:1:      dpeg_arrival_houses_and_road, layout_loops_cross, st_stairs_11,
          chequers_serial_rivers_room_b, minmay_misc_feat_five
D:2:      layout_basic, skrybe_limestone_x

Skill      XL: |  1  2  3  4 |
---------------+-------------+-----
Long Blades    | 3 4 |  4.0
Dodging        | 3 |  3.2
Armour         | 1 |  1.1
Fighting       | |  2.6
Throwing       | |  1.7

Action                   |  1- 3 |  4- 6 || total
-------------------------+-------+-------++-------
Melee: Long sword        |    87 |    21 ||   108
       Kick              |       |     3 ||     3
  Use: Potion            |       |     1 ||     1
 Stab: Sleeping          |     1 |       ||     1
  Eat: Ration            |       |     1 ||     1
Armor: Leather armour    |    51 |     5 ||    56
       Skin              |       |    21 ||    21
Dodge: Dodged            |    79 |    16 ||    95
       Rpst.: Long sword |    27 |     5 ||    32
